 Dungeon Crawl Stone Soup version 0.15.2 (webtiles) character file.

11815 Nihil the Nimble (level 11, -4/54 HPs)
             Began as a Spriggan Enchanter on Nov 15, 2014.
             Was a High Priest of Dithmenos.
             Killed from afar by a fire dragon (27 damage)
             ... with a blast of flame
             ... on Level 11 of the Dungeon on Nov 16, 2014.
             The game lasted 01:37:02 (23242 turns).

Nihil the Nimble (Spriggan Enchanter)              Turns: 23242, Time: 01:37:02

HP  -4/54        AC  7     Str  7      XL: 11   Next: 54%
MP  18/31        EV 30     Int 17      God: Dithmenos [*****.]
Gold 376         SH  0     Dex 17      Spells:  4 memorised, 18 levels left

rFire  . . .     SeeInvis +     L - +3 scimitar (drain)
rCold  . . .     Clarity  .     b - +2 robe
rNeg   + . .     rCorr    .     (shield restricted)
rPois  .         rRot     .     (helmet restricted)
rElec  .         Spirit   .     H - +2 cloak
SustAb .         Warding  .     (gloves unavailable)
rMut   .         Stasis   .     (boots unavailable)
Gourm  .                        l - amulet of faith
MR     +....                    p - ring of stealth
                                m - ring of positive energy

@: very slightly contaminated, wreathed by umbra, very quick, somewhat resistant
to hostile enchantments, uncannily stealthy
A: unfitting armour, see invisible, herbivore 3, speed 3, slow metabolism 2
a: Shadow Step, Shadow Form, Renounce Religion


You were on level 11 of the Dungeon.
You worshipped Dithmenos.
Dithmenos was extremely pleased with you.
You were full.

You visited 2 branches of the dungeon, and saw 12 of its levels.

You collected 742 gold pieces.
You spent 366 gold pieces at shops.

Inventory:

Hand weapons
 a - a +2 short sword of venom
 q - a +0 blowgun
 L - a +3 scimitar of draining (weapon)
Missiles
 r - 12 poisoned needles
Armour
 b - a +2 robe (worn)
 H - a +2 cloak (worn)
Magical devices
 k - a wand of magic darts (0)
 v - a wand of digging (8)
 y - a wand of digging (9)
 E - a wand of confusion (14)
 J - a wand of confusion (14)
 N - a wand of teleportation (4) {unknown}
 O - a wand of frost (15) {unknown}
Comestibles
 t - a royal jelly
 M - 5 bread rations
 Q - 2 fruits
Scrolls
 e - 10 scrolls of remove curse
 f - 6 scrolls of fear
 h - 2 scrolls of magic mapping
 j - a scroll of enchant armour
 u - 2 scrolls of recharging
 w - 3 scrolls of teleportation
 x - 3 scrolls of blinking
Jewellery
 g - an uncursed ring of magical power
 l - an amulet of faith (around neck)
 m - a ring of positive energy (left hand)
 n - an uncursed amulet of resist mutation
 p - a ring of stealth (right hand)
Potions
 d - a potion of porridge
 i - 8 potions of curing
 s - 3 potions of magic
 A - a potion of cure mutation
 B - a potion of might
 D - a potion of agility
 G - a potion of brilliance {unknown}
 P - a potion of restore abilities {unknown}
Books
 c - a book of Maledictions

   Spells                             Type                      Level
   *Corona                            Hexes                        1
   Sure Blade                         Hexes/Charms                 2
   *Ensorcelled Hibernation           Hexes/Ice                    2
   *Confuse                           Hexes                        3
   Dazzling Spray                     Conjuration/Hexes            3
   *Enslavement                       Hexes                        4
 C - Suezxyel's Guide on Supportive Evil
   (You found it on level 11 of the Dungeon)

   Spells                             Type                      Level
   Corpse Rot                         Necromancy                   2
   Sublimation of Blood               Necromancy                   2
   Call Imp                           Summoning                    2
   Call Canine Familiar               Summoning                    3
   Bolt of Draining                   Conjuration/Necromancy       5
   Simulacrum                         Ice/Necromancy               6
 I - a Young Poisoner's Handbook

   Spells                             Type                      Level
   Sting                              Conjuration/Poison           1
   Cure Poison                        Poison                       2
   Mephitic Cloud                     Conjuration/Poison/Air       3
   Olgreb's Toxic Radiance            Poison                       4
   Venom Bolt                         Conjuration/Poison           5
Magical staves
 o - an uncursed staff of conjuration
 F - an uncursed staff of summoning {unknown}
Miscellaneous
 z - a fan of gales
 K - a fan of gales


   Skills:
 + Level 4.6 Fighting
 + Level 6.5(6.8) Short Blades
 + Level 2.2(3.8) Long Blades
 + Level 1.4 Throwing
 + Level 14.3 Dodging
 + Level 11.8 Stealth
 + Level 9.1 Spellcasting
 + Level 9.3 Hexes
 + Level 0.2 Invocations
 + Level 0.8 Evocations


You had 18 spell levels left.
You knew the following spells:

 Your Spells              Type           Power        Failure   Level  Hunger
a - Corona                Hex            #####..      1%          1    None
b - Ensorcelled Hibernat  Hex/Ice        ###...       2%          2    None
c - Confuse               Hex            #####...     1%          3    #......
d - Enslavement           Hex            #####...     1%          4    ###....


Dungeon Overview and Level Annotations

Branches:
Dungeon (11/15)            Temple (1/1) D:4             Orc (0/4) D:10
   Lair (0/8) D:8

Altars:
Ashenzari
Cheibriados
Dithmenos
Elyvilon
Fedhas
Kikubaaqudgha
Makhleb
Nemelex Xobeh
Okawaru
Qazlal
Sif Muna
Trog
Vehumet
Xom
Yredelemnul
Zin
The Shining One

Shops:
D:6 %?   D:10 [

Annotations:
D:4 Edmund
D:5 Menkaure
D:8 exclusions: ice statue and silver statue


Innate Abilities, Weirdness & Mutations

You are tiny and cannot use many weapons and most armour.
You have supernaturally acute eyesight.
You are a herbivore.
You cover ground extremely quickly.
You need consume almost no food.


Message History

Aiming: Ensorcelled Hibernation
Press: ? - help, Shift-Dir - straight line, f/p - fire dragon
Aim: a fire dragon (black smoke, heavily wounded, catching its breath, lightly drained, umbra)
The fire dragon is unaffected.
The fire dragon misses you. The fire dragon completely misses you.
The fire dragon closely misses you.
Casting: Ensorcelled Hibernation
Confirm with . or Enter, or press ? or * to list all spells.
Aiming: Ensorcelled Hibernation
Press: ? - help, Shift-Dir - straight line, f/p - fire dragon
Aim: a fire dragon (black smoke, heavily wounded, catching its breath, lightly drained, umbra)
The fire dragon is unaffected.
The fire dragon misses you. The fire dragon completely misses you.
The fire dragon barely misses you.
You enter the shallow water.
Moving in this stuff is going to be slow.
The fire dragon breathes flames at you. The blast of flame misses you.
The fire dragon breathes flames at you. The blast of flame hits you!
Ouch! That really hurt!
You die...

#############
###..≈§§§§§§.!##
##....≈§§§§§.!$$#
###......D§§§.$$$$#
#####....@...§§§≈≈$$###
######.............§§≈≈§§#
#......#####......§§§≈≈≈##
##.###### ##.......≈≈≈##
#..# ####...≈≈≈≈# #.##
######### #.#### #....#
####.#


You could see a fire dragon.

Vanquished Creatures
  The ghost of Raxtorm the Basher, an experienced MiFi of Okawaru (D:10)
  A wizard (D:11)
  A flayed ghost (D:10)
  A hill giant (D:11)
  An ugly thing (D:11)
  Joseph (D:11)
  Grinder (D:6)
  Prince Ribbit (D:6)
  A hydra skeleton (D:10)
  5 yaks (D:10)
  A shadow (D:10)
  A spriggan (D:11)
  5 wraiths
  A hungry ghost (D:10)
  12 fire bats (D:10)
  A deep elf mage (D:9)
  A hippogriff (D:9)
  2 small abominations (D:11)
  A soldier ant (D:5)
  A yellow wasp (D:11)
  4 sky beasts
  2 ice beasts
  A black bear (D:9)
  2 orc warriors
  A phantom (D:11)
  A necrophage (D:7)
  2 ogres
  2 centaurs
  A manticore skeleton (D:10)
  2 big kobolds
  6 giant frogs
  An eye of draining (D:11)
  5 scorpions
  5 killer bees (D:11)
  8 crimson imps
  3 goliath beetles
  5 jellies
  6 orc priests
  3 giant frog zombies
  A gnoll shaman (D:7)
  9 worker ants
  8 hounds
  3 iguanas
  A killer bee zombie (D:8)
  8 orc wizards
  Ijyb (D:2)
  A hound skeleton (D:5)
  15 gnolls
  12 adders
  2 worms
  3 giant mites
  An iguana zombie (D:6)
  An adder zombie (D:9)
  9 giant geckos
  2 oozes
  42 orcs
  85 bats
  4 giant cockroaches
  15 hobgoblins
  4 jackals (D:3)
  28 kobolds
  2 quokkas
  A ball python (D:3)
  2 giant newts (D:2)
  A giant spore (D:7)
  9 goblins
  A hobgoblin skeleton (D:6)
  14 rats
  A rat skeleton (D:7)
  3 ballistomycetes
  5 fungi (D:8)
394 creatures vanquished.

Vanquished Creatures (collateral kills)
  A large abomination (D:11)
  A yak (D:10)
  A small abomination (D:11)
  An orc warrior (D:8)
  An orc priest (D:6)
  A gnoll (D:7)
  3 orcs
  A quokka (D:10)
  A goblin (D:7)
11 creatures vanquished.

Vanquished Creatures (others)
  An iguana (D:7)
  A giant spore (D:8)
  2 fungi (D:8)
4 creatures vanquished.

Grand Total: 409 creatures vanquished

Notes
Turn   | Place    | Note
--------------------------------------------------------------
     0 | D:1      | Nihil, the Spriggan Enchanter, began the quest for the Orb.
     0 | D:1      | Reached XP level 1. HP: 9/9 MP: 4/4
   158 | D:1      | Reached XP level 2. HP: 5/13 MP: 7/7
   724 | D:2      | Reached XP level 3. HP: 13/16 MP: 9/9
  1236 | D:1      | Learned a level 2 spell: Ensorcelled Hibernation
  1240 | D:1      | Learned a level 3 spell: Confuse
  1305 | D:2      | Reached skill level 5 in Stealth
  1553 | D:2      | Noticed Ijyb
  2083 | D:2      | Killed Ijyb
  2402 | D:2      | Reached XP level 4. HP: 21/21 MP: 13/13
  3066 | D:3      | Reached XP level 5. HP: 11/25 MP: 13/17
  3488 | D:3      | Reached skill level 1 in Fighting
  3488 | D:3      | Reached skill level 5 in Dodging
  3807 | D:3      | Found a burning altar of Makhleb.
  3807 | D:3      | Found a radiant altar of Vehumet.
  3821 | D:3      | Reached skill level 5 in Hexes
  3889 | D:3      | Reached XP level 6. HP: 30/30 MP: 20/20
  4389 | D:4      | Reached skill level 6 in Stealth
  4701 | D:4      | Found a staircase to the Ecumenical Temple.
  5131 | Temple   | Entered the Ecumenical Temple
  5217 | Temple   | Became a worshipper of Dithmenos the Shadowed
  6801 | D:5      | Entered Level 5 of the Dungeon
  7730 | D:4      | Noticed Edmund
  7819 | D:4      | Reached XP level 7. HP: 12/33 MP: 21/21
  8742 | D:4      | Reached skill level 7 in Dodging
  9146 | D:5      | Learned a level 4 spell: Enslavement
  9174 | D:5      | Noticed a soldier ant
  9180 | D:5      | Killed a soldier ant
  9188 | D:5      | Reached skill level 1 in Throwing
  9300 | D:5      | Reached skill level 8 in Dodging
  9564 | D:5      | Found a glowing silver altar of Zin.
 10110 | D:5      | Noticed Menkaure
 10607 | D:5      | Reached skill level 5 in Spellcasting
 10607 | D:5      | Reached XP level 8. HP: 27/39 MP: 22/24
 11167 | D:6      | Noticed Prince Ribbit
 11205 | D:6      | Killed Prince Ribbit
 11205 | D:6      | Reached skill level 9 in Dodging
 11313 | D:6      | Noticed Grinder
 11339 | D:6      | Killed Grinder
 11526 | D:6      | Found Hore's Magic Scroll Emporium.
 11535 | D:6      | Bought a scroll of identify for 20 gold pieces
 11535 | D:6      | Bought a scroll of recharging for 95 gold pieces
 11535 | D:6      | Bought a scroll of identify for 20 gold pieces
 11667 | D:6      | Reached skill level 10 in Dodging
 12233 | D:6      | Found Sunois' Food Shop.
 12585 | D:5      | Acquired Dithmenos' first power
 12601 | D:5      | Reached XP level 9. HP: 30/43 MP: 27/27
 14096 | D:7      | Found a snail-covered altar of Cheibriados.
 14096 | D:7      | Found a sparkling altar of Nemelex Xobeh.
 14379 | D:7      | Acquired Dithmenos' second power
 14732 | D:7      | Found a deep blue altar of Sif Muna.
 15157 | D:8      | Reached skill level 11 in Dodging
 15158 | D:8      | Noticed an ice statue
 15528 | D:8      | Noticed a silver statue
 15691 | D:8      | Found a staircase to the Lair.
 16407 | D:8      | Acquired Dithmenos' third power
 17664 | D:9      | Reached skill level 5 in Short Blades
 17769 | D:10     | Entered Level 10 of the Dungeon
 18178 | D:10     | Reached skill level 12 in Dodging
 18178 | D:10     | Reached XP level 10. HP: 49/49 MP: 29/29
 18886 | D:10     | Found a staircase to the Orcish Mines.
 18963 | D:10     | Found Siruagam's Armour Shoppe.
 18967 | D:10     | Bought a +2 cloak for 231 gold pieces
 19007 | D:10     | Noticed Raxtorm's ghost (experienced MiFi)
 19392 | D:10     | Killed Raxtorm's ghost
 19590 | D:10     | Reached skill level 10 in Stealth
 19809 | D:10     | Found a deep blue altar of Sif Muna.
 19942 | D:10     | Found a radiant altar of Vehumet.
 19968 | D:10     | Acquired Dithmenos' fourth power
 20073 | D:10     | Found a deep blue altar of Sif Muna.
 20459 | D:10     | Reached skill level 13 in Dodging
 20704 | D:10     | Found a shadowy altar of Dithmenos.
 20777 | D:10     | Reached XP level 11. HP: 16/53 MP: 31/31
 21146 | D:10     | Found a radiant altar of Vehumet.
 21151 | D:10     | Found a shimmering altar of Xom.
 21204 | D:10     | Noticed a flayed ghost
 21208 | D:10     | Killed a flayed ghost
 21753 | D:11     | Noticed a fire dragon
 21946 | D:11     | Noticed Joseph
 21983 | D:11     | Killed Joseph
 21983 | D:11     | Reached skill level 14 in Dodging
 22094 | D:11     | Noticed a hill giant
 22152 | D:11     | Killed a hill giant
 22152 | D:11     | Reached skill level 1 in Long Blades
 22375 | D:11     | Identified Suezxyel's Guide on Supportive Evil
 22732 | D:11     | Noticed a wizard
 22739 | D:11     | Killed a wizard
 22742 | D:11     | Noticed a large abomination
 22742 | D:11     | Noticed a large abomination
 22742 | D:11     | Noticed a large abomination
 22742 | D:11     | Noticed a large abomination
 22743 | D:11     | Noticed a large abomination
 22759 | D:11     | Killed a large abomination
 23242 | D:11     | Killed from afar by a fire dragon

Action                   |  1- 3 |  4- 6 |  7- 9 | 10-12 || total
-------------------------+-------+-------+-------+-------++-------
Melee: Dagger            |   237 |   340 |   948 |       ||  1525
       Short sword       |       |       |    66 |   509 ||   575
       Scimitar          |       |       |       |   152 ||   152
 Fire: Blowgun           |       |     9 |     7 |       ||    16
 Cast: Confuse           |     5 |    17 |    42 |    14 ||    78
       Corona            |     4 |     1 |       |     1 ||     6
       Enslavement       |       |       |    17 |    18 ||    35
       Ensorcelled Hiber |       |       |       |     8 ||     8
Invok: Shadow Step       |       |       |     1 |     8 ||     9
Evoke: Wand              |       |       |     2 |     3 ||     5
  Use: Scroll            |     4 |     4 |    12 |     3 ||    23
       Potion            |     2 |     1 |     5 |     4 ||    12
 Stab: Sleeping          |     3 |     8 |    29 |    16 ||    56
       Confused          |     1 |     9 |    12 |    17 ||    39
       Distracted        |       |       |     3 |     4 ||     7
  Eat: Pizza             |     1 |       |       |     1 ||     2
       Bread ration      |       |     1 |     3 |     2 ||     6
